 Dungeon Crawl Stone Soup version 0.21-a0-529-g8c7b3f5 (webtiles) character file.

386 slep the Chopper (level 6, -2/46 HPs)
             Began as a Demonspawn Gladiator on Dec 12, 2017.
             Slain by a gnoll
             ... wielding a +0 spear
              (5 damage)
             ... on level 3 of the Dungeon.
             The game lasted 00:08:30 (1779 turns).

slep the Chopper (Demonspawn Gladiator)             Turns: 1779, Time: 00:08:30

Health: -2/46      AC: 10    Str: 15    XL:     6   Next: 48%
Magic:  0/6        EV: 12    Int: 10    God:
Gold:   57         SH:  0    Dex: 15    Spells: 5/5 levels left

rFire    . . .     SeeInvis .   a - +0 war axe
rCold    . . .     Gourm    .   (no shield)
rNeg     . . .     Faith    .   i - +0 ring mail
rPois    .         Spirit   +   c - +0 helmet
rElec    .         Reflect  .   v - +0 cloak
rCorr    .         Harm     .   x - +0 pair of gloves
MR       .....                  (no boots)
Stlth    +++.......             k - amulet of guardian spirit
HPRegen  0.15/turn              n - ring of flight
MPRegen  0.10/turn              (no ring)

@: no status effects
A: talons 1, slimy green scales 1, nightstalker 2
a: Evoke Flight


You were on level 3 of the Dungeon.
You were not hungry.

You visited 1 branch of the dungeon, and saw 3 of its levels.

You collected 57 gold pieces.

Inventory:

Hand Weapons
 a - a +0 war axe (weapon)
Missiles
 d - 3 throwing nets
 o - 5 tomahawks (quivered)
Armour
 b - a +0 leather armour
 c - a +0 helmet (worn)
 i - a +0 ring mail (worn)
 v - a +0 cloak (worn)
 x - a +0 pair of gloves (worn)
Jewellery
 k - an amulet of guardian spirit (around neck)
 n - a ring of flight (left hand)
Scrolls
 e - 3 scrolls of remove curse {unknown}
 g - a scroll of amnesia {unknown}
 j - a scroll of teleportation {unknown}
 p - a scroll of magic mapping {unknown}
 r - 2 scrolls of fear {unknown}
 t - a scroll of noise {unknown}
 u - a scroll of enchant weapon {unknown}
 w - a scroll of random uselessness {unknown}
 y - a scroll of immolation {unknown}
 z - a scroll of identify {unknown}
Potions
 h - 2 potions of curing {unknown}
 s - a potion of agility {unknown}
Comestibles
 f - 2 bread rations
 l - 2 royal jellies
 m - 3 fruits
 q - a chunk of flesh


   Skills:
 + Level 2.9 Fighting
 + Level 5.3 Axes
 + Level 2.0 Throwing
 + Level 1.8 Armour
 + Level 3.3 Dodging
 + Level 1.2 Stealth


You had 5 spell levels left.
You didn't know any spells.

Dungeon Overview and Level Annotations

Branches:
Dungeon (3/15)

Altars:
Ashenzari


Innate Abilities, Weirdness & Mutations

You have sharp toenails.
You are partially covered in slimy green scales. (AC +2)
You are significantly more attuned to the shadows.


Message History

You barely miss the gnoll. You closely miss the gnoll.
The gnoll hits you with a halberd.
The gnoll hits you from afar with a spear.
You barely miss the gnoll. You claw the gnoll, but do no damage.
You closely miss the gnoll. The gnoll misses you.
The gnoll hits you but does no damage. The gnoll misses you.
The gnoll barely misses you.
You hit the gnoll.
The gnoll is lightly wounded.
You hit the gnoll. The gnoll closely misses you.
The gnoll hits you with a halberd! The gnoll hits you but does no damage.
You slash the gnoll!
The gnoll is almost dead.
You hit the gnoll but do no damage.
The gnoll hits you from afar with a spear!
* * * LOW HITPOINT WARNING * * *
The gnoll barely misses you. The gnoll hits you with a halberd!
* * * LOW HITPOINT WARNING * * *
The gnoll hits you from afar with a spear.
You die...

.## #...........#
..### ###...........#
#...###)..........(.#
...(............†..#
[...###.#.........##
.....##.#....#.####
..).(##.#....#.#
..........<..#.####
..[###..###.....@g#
..............###gg#
...#.##......... ..#
...#.#........## ###
..............
##...........
....#........
.............
.............


You could see 3 gnolls.

Vanquished Creatures
  An ice beast (D:3)
  2 orc priests
  2 orc wizards (D:3)
  Robin (D:3)
  4 gnolls
  An adder (D:2)
  An ooze (D:1)
  2 worms
  3 dart slugs
  4 leopard geckos
  9 orcs
  4 bats
  2 giant cockroaches
  13 goblins
  15 hobgoblins
  15 jackals
  7 kobolds
  A ball python (D:1)
  5 frilled lizards
  A rat (D:2)
93 creatures vanquished.

Notes
Turn   | Place    | Note
-------+----------+-------------------------------------------
     0 | D:1      | slep the Demonspawn Gladiator began the quest for the Orb.
     0 | D:1      | Reached XP level 1. HP: 16/16 MP: 1/1
   109 | D:1      | Reached skill level 3 in Axes
   109 | D:1      | Gained mutation: You are partially covered in slimy green scales. (AC +2) [demonic ancestry]
   109 | D:1      | Reached XP level 2. HP: 10/22 MP: 2/2
   391 | D:1      | Reached XP level 3. HP: 23/27 MP: 3/3
   683 | D:2      | HP: 1/27 [orc priest/divine providence (9)]
   991 | D:2      | Reached skill level 4 in Axes
   991 | D:2      | Gained mutation: You are slightly more attuned to the shadows. [demonic ancestry]
   991 | D:2      | Reached XP level 4. HP: 29/34 MP: 2/4
  1072 | D:2      | Reached skill level 1 in Armour
  1269 | D:2      | Gained mutation: You have sharp toenails. [demonic ancestry]
  1269 | D:2      | Reached XP level 5. HP: 39/39 MP: 5/5
  1457 | D:3      | Noticed Robin
  1460 | D:3      | Killed Robin
  1463 | D:3      | Noticed an ice beast
  1474 | D:3      | Reached skill level 1 in Stealth
  1477 | D:3      | Killed an ice beast
  1477 | D:3      | Reached skill level 5 in Axes
  1477 | D:3      | Gained mutation: You are significantly more attuned to the shadows. [demonic ancestry]
  1477 | D:3      | Reached XP level 6. HP: 26/46 MP: 3/6
  1629 | D:3      | Found a shattered altar of Ashenzari.
  1779 | D:3      | Slain by a gnoll

Vault maps used:
D:1:      onia_arrival_pyramid
D:3:      grunt_temple_overflow_holy_war, evilmike_ruin_ashenzari, first_bread,
          minivault_19, uniq_robin

Skill      XL: |  1  2  3  4  5 |
---------------+----------------+-----
Axes           | 3 4 5 |  5.3
Dodging        | 3 |  3.3
Armour         | 1 |  1.8
Stealth        | 1 |  1.2
Throwing       | 2 |  2.0
Fighting       | |  2.9

Action                   |  1- 3 |  4- 6 || total
-------------------------+-------+-------++-------
Melee: War axe           |   123 |   135 ||   258
       Kick              |       |    23 ||    23
Throw: Tomahawk          |       |     4 ||     4
 Stab: Sleeping          |       |     2 ||     2
  Eat: Chunk             |       |     3 ||     3
Armor: Ring mail         |    75 |    76 ||   151
Dodge: Dodged            |   112 |   115 ||   227

Table legend:
 A = Spawn XP
 B = Non-spawn XP
 C = Spawn XP percentage of total XP
 D = Spawn monster count
 E = Non-spawn monster count
 F = Spawn count percentage of total count
 G = Total turns spent on level
                    A         B        C        D         E        F      G
               +---------+---------+-------+---------+---------+-------+---------
         Total |       0 |     552 |   0.0 |       0 |      93 |   0.0 |  1779
               +---------+---------+-------+---------+---------+-------+---------
           D:1 |       0 |      57 |   0.0 |       0 |      27 |   0.0 |   903
           D:2 |       0 |     145 |   0.0 |       0 |      29 |   0.0 |   500
           D:3 |       0 |     350 |   0.0 |       0 |      37 |   0.0 |   376
               +---------+---------+-------+---------+---------+-------+---------
